 Dungeon Crawl Stone Soup version 0.22.1-57-g7394efd (webtiles) character file.

84 PaladinM the Slasher (level 4, -2/33 HPs)
             Began as a Human Warper on Jan 19, 2019.
             Slain by a scorpion (5 damage)
             ... on level 4 of the Dungeon on Mar 16, 2019.
             The game lasted 00:07:21 (2250 turns).

PaladinM the Slasher (Human Warper)                 Turns: 2250, Time: 00:07:22

Health: -2/33      AC:  4    Str:  8 (11) XL:     4   Next: 72%
Magic:  5/7        EV: 11    Int: 12 (14) God:
Gold:   162        SH:  3    Dex: 12 (13) Spells: 3/7 levels left

rFire    . . .     SeeInvis .   a - +0 falchion
rCold    . . .     Gourm    .   (no shield)
rNeg     . . .     Faith    .   b - +0 leather armour
rPois    .         Spirit   .   (no helmet)
rElec    .         Reflect  +   (no cloak)
rCorr    .         Harm     .   (no gloves)
MR       .....                  m - +0 pair of boots
Stlth    +.........             l - +3 amulet of reflection
HPRegen  0.11/turn              (no ring)
MPRegen  0.10/turn              (no ring)

@: lethally poisoned (-2 -> -14), flying, hasted, very quick
A: no striking features
a: no special abilities


You were on level 4 of the Dungeon.
You were hungry.

You visited 1 branch of the dungeon, and saw 4 of its levels.

You collected 162 gold pieces.

Inventory:

Hand Weapons
 a - a +0 falchion (weapon)
Missiles
 e - 5 tomahawks of dispersal (quivered)
 t - 8 tomahawks
Armour
 b - a +0 leather armour (worn)
 m - a +0 pair of boots (worn)
Jewellery
 i - an uncursed amulet of magic regeneration
 l - a +3 amulet of reflection (around neck)
 q - an uncursed ring of ice
 s - an uncursed ring of attention
Scrolls
 c - a scroll of immolation
 d - a scroll of blinking
 j - 3 scrolls of remove curse
 k - a scroll of enchant armour
 u - a scroll of fog
Potions
 h - 2 potions of resistance
 n - a potion of cancellation
 p - 2 potions of degeneration
 r - a potion of invisibility {unknown}
Comestibles
 f - 12 rations


   Skills:
 - Level 2.0 Fighting
 * Level 4.5 Long Blades
 - Level 1.0 Throwing
 - Level 1.0 Armour
 - Level 2.0 Dodging
 - Level 2.0 Spellcasting
 - Level 3.0 Translocations


You had 3 spell levels left.
You knew the following spells:

 Your Spells              Type           Power        Failure   Level  Hunger
a - Shroud of Golubria    Chrm/Tloc      #.........   30%         2    ###....
b - Blink                 Tloc           N/A          17%         2    ###....

Your spell library contained the following spells:

 Spells                   Type           Power        Failure   Level  Hunger
 Gell's Gravitas          Tloc           #.........   32%         3    ####...
 Lesser Beckoning         Tloc           #.........   32%         3    ####...
 Teleport Other           Tloc           #.......     32%         3    ####...
 Passage of Golubria      Tloc           N/A          73%         4    #####..


Dungeon Overview and Level Annotations

Branches:
Dungeon (4/15)
 Temple: D:4-7

Altars:
Cheibriados
Fedhas
Qazlal
Ru
Vehumet
Wu Jian
Xom

Annotations:
D:3 Sigmund


Message History

You feel weakened.
You feel dopey.
You feel clumsy.
* * * LOW HITPOINT WARNING * * *
You feel sick.
Your shroud bends the scorpion's attack away!
It was a potion of cancellation.
Your magical effects are unravelling.
You feel magically purged.
Your shroud unravels.
* * * LOW HITPOINT WARNING * * *
You feel sick. The scorpion stings you.
* * * LOW HITPOINT WARNING * * *
It was a potion of flight.
You feel very buoyant.
You fly up into the air.
* * * LOW HITPOINT WARNING * * *
You feel sick. The scorpion barely misses you.
It was a potion of haste.
You feel yourself speed up.
* * * LOW HITPOINT WARNING * * *
You feel sick. The scorpion stings you.
You die...

.. . # #. .#
#.#######.###
............ ##
#####........#
..>#........!...#.
..........@s......
........######.###
........####
##+#.###...# ..
#...# ...#####...#
...........#
...#####...# #...#


You could see a scorpion.

Vanquished Creatures
  2 adders (D:3)
  A worm (D:2)
  2 dart slugs
  A leopard gecko (D:2)
  2 orcs
  3 giant cockroaches
  11 goblins
  3 hobgoblins (D:1)
  A jackal (D:2)
  12 kobolds
  11 bats
  3 frilled lizards
  2 rats (D:2)
54 creatures vanquished.

Vanquished Creatures (others)
  An ooze (D:2)
  A giant cockroach (D:2)
  A quokka (D:3)
  A rat (D:3)
4 creatures vanquished.

Grand Total: 58 creatures vanquished

Notes
Turn   | Place    | Note
-------+----------+-------------------------------------------
     0 | D:1      | PaladinM the Human Warper began the quest for the Orb.
     0 | D:1      | Reached XP level 1. HP: 16/16 MP: 3/3
    56 | D:1      | Reached XP level 2. HP: 15/22 MP: 5/5
    60 | D:1      | Learned a level 2 spell: Shroud of Golubria
    63 | D:1      | Learned a level 2 spell: Blink
   113 | D:1      | Reached skill level 3 in Long Blades
   187 | D:1      | Reached XP level 3. HP: 18/27 MP: 6/6
   914 | D:2      | Upgraded the game from 0.22.1-6-g1668fe2 to
                  | 0.22.1-57-g7394efd
   947 | D:2      | Found a radiant altar of Vehumet.
  1041 | D:2      | Reached skill level 4 in Long Blades
  1041 | D:2      | Reached XP level 4. HP: 28/33 MP: 2/7
  1109 | D:2      | Found a snail-covered altar of Cheibriados.
  1175 | D:2      | Found a sacrificial altar of Ru.
  1279 | D:2      | Found a faded altar of an unknown god.
  1279 | D:2      | Found an ornate altar of the Wu Jian Council.
  1288 | D:2      | Found a stormy altar of Qazlal.
  1290 | D:2      | Found a faded altar of an unknown god.
  1292 | D:2      | Found a shimmering altar of Xom.
  1469 | D:2      | Found a blossoming altar of Fedhas.
  2059 | D:3      | Noticed Sigmund
  2250 | D:4      | Slain by a scorpion

Skill      XL: |  1  2  3 |
---------------+----------+-----
Long Blades    | 3 4 |  4.5
Fighting       | |  2.0
Throwing       | |  1.0
Armour         | |  1.0
Dodging        | |  2.0
Spellcasting   | |  2.0
Translocations | |  3.0

Action                   |  1- 3 |  4- 6 || total
-------------------------+-------+-------++-------
Melee: Falchion          |   112 |    71 ||   183
 Cast: Shroud of Golubri |     1 |     3 ||     4
       Blink             |     1 |       ||     1
  Use: Scroll            |     4 |     3 ||     7
       Potion            |       |     4 ||     4
 Stab: Distracted        |     1 |       ||     1
       Sleeping          |     1 |       ||     1
  Eat: Chunk             |     1 |     3 ||     4
Armor: Leather armour    |    35 |    11 ||    46
Dodge: Dodged            |    85 |    31 ||   116
Block: Other             |     7 |     5 ||    12
       Rpst.: Falchion   |    32 |     9 ||    41
